[Event "Late-Titled-Tuesday-Blitz-July-09-2024"]
[Site "Chess.com"]
[Date "2024.07.09"]
[Round "2"]
[White "Korchmar_Vasiliy"]
[Black "Zhigalko_Sergei"]
[Result "1-0"]
[WhiteElo "2628"]
[BlackElo "2916"]
[TimeControl "180+1"]
[EndTime "14:18:43 PDT"]
[Termination "Korchmar_Vasiliy won on time"]

1. e4 c5 2. d4 cxd4 3. Qxd4 Nc6 4. Qd3 Nf6 5. Nc3 g6 6. Nf3 Bg7 7. Be2 O-O 8. O-O d6 9. Nd5 Nxd5 10. exd5 Bf5 11. Qd1 Ne5 12. Nxe5 Bxe5 13. c3 Qb6 14. a4 a6 15. a5 Qc7 16. Be3 h5 17. Re1 Rac8 18.
Qa4 Qd7 19. Qb4 Rfe8 20. Rad1 Bg7 21. h3 Qc7 22. Bb6 Qb8 23. g4 hxg4 24. hxg4 Bd7 25. Kg2 e6 26. Bf3 exd5 27. Bxd5 Rxe1 28. Rxe1 Bc6 29.
Qb3 Re8 30. Rd1 Qc8 31. f3 Qd7 32. Bf2 Ba4 33. Bxf7+ Qxf7 34. Qxa4 Re2 35. Rxd6 Rxb2 36. Qd1 Qa2 37. Rd8+ Bf8 38. Qd4 Re2 39. c4 Kf7 40. Qd5+ Kg7 41. Rd7+ Be7 42. Qd4+ Kf7 43. Qd5+ Kg7 44. Qd4+ Kf7 45. Rxb7 Rd2 46. Qe3 Re2 47.
Rxe7+ 1-0

[Event "Late-Titled-Tuesday-Blitz-July-09-2024"]
[Site "Chess.com"]
[Date "2024.07.09"]
[Round "2"]
[White "FollowRivers"]
[Black "th3d4rkness"]
[Result "1-0"]
[WhiteElo "2489"]
[BlackElo "2265"]
[TimeControl "180+1"]
[EndTime "14:18:43 PDT"]
[Termination "FollowRivers won by resignation"]

1. Nf3 Nf6 2. b3 e6 3. Bb2 d5 4. e3 Be7 5. Be2 O-O 6. O-O b6 7. d4 Bb7 8. c4 c5 9. Nc3 cxd4 10. Nxd4 dxc4 11. Bxc4 a6 12. Be2 b5 13. Bf3 Qb6 14.
a4 b4 15. Nb1 Rd8 16. Nd2 Nbd7 17. Nc4 Qa7 18. Na5 Bxf3 19. Qxf3 Ne5 20. Qg3 Rd5 21.
Ndc6 Nxc6 22. Nxc6 Qd7 23. Nxb4 Bxb4 24. Bxf6 Bf8 25.
Rac1 Qb7 26. Rc3 Rf5 27. Bd4 h6 28. Rfc1 Rg5 29. Qh3 Qe4 30. f4 Rg6 31. Kf2 Kh7 32. Qf3 Qxf3+ 33. Kxf3 Ba3 34. R1c2 Rb8 35. Rd3 f6 36.
Rc6 e5 37. fxe5 fxe5 38. Rxg6 Rf8+ 39. Ke2 Kxg6 40. Bxe5 Rf5 41. Bd6 Bb2 42. e4 Rg5 43. Rg3 Rxg3 44. Bxg3 Kf6 45. Kd3 Ke6 46. Kc4 a5 47. Be1 Be5 48. h3 Bc7 49. Kb5 g5 50. Bxa5 Be5 51. Bd2 h5 52. Bxg5 Bc3 53. a5 Ke5 54. a6 Kxe4 55. a7 1-0

[Event "Late-Titled-Tuesday-Blitz-July-09-2024"]
[Site "Chess.com"]
[Date "2024.07.09"]
[Round "2"]
[White "Evandro_Barbosa"]
[Black "JoJoZP"]
[Result "1/2-1/2"]
[WhiteElo "2762"]
[BlackElo "2521"]
[TimeControl "180+1"]
[EndTime "14:18:44 PDT"]
[Termination "Game drawn by repetition"]

1. e4 c5 2. Nf3 d6 3. d4 cxd4 4. Nxd4 Nf6 5. Nc3 a6 6. Be2 Nbd7 7.
O-O g6 8. a4 Bg7 9. Re1 O-O 10.
Bf1 Qc7 11. Nd5 Qd8 12. Bg5 h6 13. Bh4 g5 14. Bg3 Ne5 15. c4 Bd7 16. a5 Bc6 17. Nf5 e6 18. Nxg7 exd5 19. Nf5 dxe4 20. Nxh6+ Kh7 21.
Nf5 Qd7 22. Nxd6 Ng6 23. b4 Rad8 24. b5 axb5 25. cxb5 Bd5 26. Qd4 Qe6 27. Qb6 Nh5 28.
Nxe4 Qxb6 29. axb6 Nxg3 30. hxg3 Bxe4 31. Rxe4 Rd6 32.
Rc1 Rxb6 33. Rc7 Kg7 34. Bc4 Kf6 35. Rd4 Ne5 36. Be2 Ra8 37. f4 Ra1+ 38. Kf2 gxf4 39.
gxf4 Ng6 40. g4 Ra2 41. g5+ Kg7 42. f5 Rxb5 43. fxg6 Kxg6 44. Ke3 Re5+ 45. Kf4 Raxe2 46. Rd6+ Re6 47. Rxe6+ fxe6 48. Rxb7 e5+ 49. Kg4 Re4+ 50. Kf3 Rf4+ 51. Ke3 Kxg5 52. Rg7+ Kf5 53. Ra7 Rb4 54.
Rf7+ Ke6 55. Ra7 Rd4 56. Ra6+ Kd5 57. Ra5+ Ke6 58. Ra6+ Kd5 59. Ra5+ Ke6 60. Ra6+ 1/2-1/2

[Event "Late-Titled-Tuesday-Blitz-July-09-2024"]
[Site "Chess.com"]
[Date "2024.07.09"]
[Round "2"]
[White "ahkashefi2800"]
[Black "invisible_s0ul"]
[Result "0-1"]
[WhiteElo "2602"]
[BlackElo "2393"]
[TimeControl "180+1"]
[EndTime "14:18:45 PDT"]
[Termination "invisible_s0ul won on time"]

1. d4 d5 2. c4 e6 3. Nc3 Nf6 4.
cxd5 exd5 5. Bg5 Nbd7 6. e3 Be7 7. Bd3 c6 8. Nge2 Nf8 9. O-O Ng6 10. Rc1 O-O 11. a3 Ne4 12. Bxe7 Qxe7 13. Nxe4 dxe4 14. Bb1 f5 15. Ba2+ Be6 16. Bxe6+ Qxe6 17. Rc3 Rad8 18. Qb3 Qxb3 19. Rxb3 Rd7 20. Rc1 Kf7 21. g3 Ke6 22. Rc5 Rc8 23. Nf4+ Nxf4 24. gxf4 Rcc7 25. Rbc3 Rd5 26. b4 Rxc5 27. Rxc5 Re7 28. Kf1 Kf6 29.
Ke2 Rd7 30. a4 Rd5 31. Rxd5 cxd5 32. Kf1 Kg6 33. f3 exf3 34. Kf2 Kh5 35. Kxf3 Kh4 36. Kg2 h6 37. b5 g5 38. fxg5 hxg5 39. h3 g4 40. hxg4 Kxg4 41. Kf2 f4 42. a5 b6 43. a6 fxe3+ 44. Kxe3 Kg5 45. Ke2 Kf4 46. Kd3 Kf3 0-1

[Event "Late-Titled-Tuesday-Blitz-July-09-2024"]
[Site "Chess.com"]
[Date "2024.07.09"]
[Round "2"]
[White "glucolisis04"]
[Black "zsoltkorpics"]
[Result "0-1"]
[WhiteElo "2295"]
[BlackElo "2510"]
[TimeControl "180+1"]
[EndTime "14:18:45 PDT"]
[Termination "zsoltkorpics won on time"]

1. d4 Nf6 2. c4 e6 3. Nc3 Bb4 4. e3 O-O 5. Ne2 c5 6. a3 Bxc3+ 7. Nxc3 d5 8. dxc5 Qc7 9. b4 dxc4 10. Bxc4 b6 11.
Qe2 bxc5 12. O-O Bb7 13. Bb2 Nbd7 14. Rac1 Rac8 15. b5 Ne5 16. Ba2 c4 17. Bb1 Neg4 18.
f4 Rfd8 19. h3 Nh6 20. g4 Nd5 21. Ne4 f5 22. Ng5 Re8 23. Be5 Qb6 24. Bd4 Qxb5 25.
Ba2 Ba6 26. Rb1 Qa4 27. Qb2 c3 28. Qb3 Qxb3 29. Bxb3 c2 30. Rbc1 Bxf1 31. Kxf1 Nf7 32. Nf3 fxg4 33. hxg4 Nd6 34. Ne5 Ne4 35. Bxc2 Nd2+ 36. Ke2 Nc4 37. Rd1 Nxe5 38. Bxe5 Rxc2+ 39. Kd3 Ra2 40. Rb1 Rxa3+ 41. Ke4 Rxe3+ 42. Kd4 Rg3 43. Rb7 Ne7 44. g5 Nc6+ 45. Ke4 Nxe5 46.
Kxe5 Re3+ 47. Kd6 Ra3 48. Rb5 Rd3+ 49. Ke5 a6 50. Rb6 Rd5+ 0-1

[Event "Late-Titled-Tuesday-Blitz-July-09-2024"]
[Site "Chess.com"]
[Date "2024.07.09"]
[Round "2"]
[White "Ninocanina"]
[Black "Bkmzzzzz"]
[Result "0-1"]
[WhiteElo "1932"]
[BlackElo "2423"]
[TimeControl "180+1"]
[EndTime "14:18:45 PDT"]
[Termination "Bkmzzzzz won on time"]

1. d4 Nf6 2. c4 e6 3. Nc3 d5 4.
cxd5 exd5 5. Bg5 c6 6. e3 Be7 7. Bd3 h6 8. Bh4 Bg4 9. Nge2 O-O 10. O-O Nbd7 11. f3 Be6 12. Kh1 Qc7 13. e4 dxe4 14.
Bg3 Bd6 15. Bxd6 Qxd6 16. Nxe4 Nxe4 17. fxe4 Bg4 18. e5 Qe7 19. Qc2 Rad8 20. Ng3 Nb6 21. Rf4 Be6 22. Bf5 Nd5 23. Re4 Bxf5 24. Nxf5 Qg5 25.
Rf1 Rd7 26. Qf2 b6 27. Nd6 Qg6 28. Rh4 Qe6 29. h3 c5 30. Qg3 cxd4 31. Rg4 g6 32.
Ne4 Kh7 33. h4 Re7 34. Nf6+ Nxf6 35. exf6 Rd7 36. h5 g5 37. Qd3+ Kh8 38. Re4 Qd5 39. Rg4 Qd6 40. Rf5 Rg8 41. b3 Qe6 42. Rg3 Qe1+ 43. Kh2 Qe6 44. Rgf3 Qd6+ 45. Kg1 Re8 46. Rf1 Rc7 47. Qd2 d3 48. Rxg5 Qd4+ 49. Rf2 hxg5 50.
Qxg5 Rc1+ 51. Kh2 Qe5+ 0-1

[Event "Late-Titled-Tuesday-Blitz-July-09-2024"]
[Site "Chess.com"]
[Date "2024.07.09"]
[Round "2"]
[White "yaguigor"]
[Black "ChessLover0108"]
[Result "0-1"]
[WhiteElo "2618"]
[BlackElo "2940"]
[TimeControl "180+1"]
[EndTime "14:18:46 PDT"]
[Termination "ChessLover0108 won on time"]

1. e4 c5 2. Nf3 d6 3. d4 cxd4 4. Nxd4 Nf6 5. Nc3 a6 6. f3 e6 7.
Be3 b5 8. Qd2 Bb7 9. g4 Be7 10.
O-O-O Nc6 11. g5 Nd7 12. Nxc6 Bxc6 13. Ne2 d5 14. Nd4 Bb7 15. exd5 Bxd5 16. Be2 O-O 17.
Kb1 Rc8 18. h4 Ne5 19. h5 Nc4 20. Bxc4 bxc4 21. Nf5 Bxf3 22. Qc3 exf5 23. Rxd8 Rfxd8 24. Rg1 Be4 25. h6 Bf8 26. Bd4 g6 27. Re1 Re8 28. a3 Re6 29. Bg7 Be7 30. Bf6 Bxf6 31. gxf6 Rce8 32. Rf1 g5 33. Qd2 f4 34. Rg1 Bg6 35.
Rxg5 Re2 36. Qxf4 Kh8 37. Rxg6 hxg6 38. Qc7 Rf8 39. Qxc4 Re6 40. Qd4 Kh7 41. b4 Rfe8 42.
a4 Rc8 43. Kb2 g5 44. Qd3+ Kxh6 45. Qd7 Rf8 0-1

[Event "Late-Titled-Tuesday-Blitz-July-09-2024"]
[Site "Chess.com"]
[Date "2024.07.09"]
[Round "2"]
[White "js20000"]
[Black "Ruprecht_der_Knecht"]
[Result "1/2-1/2"]
[WhiteElo "2782"]
[BlackElo "2527"]
[TimeControl "180+1"]
[EndTime "14:18:50 PDT"]
[Termination "Game drawn by repetition"]

1. d4 Nf6 2. c4 g6 3. Nc3 d5 4. cxd5 Nxd5 5. Na4 Bg7 6. e4 Nf6 7. Nc3 O-O 8. Nf3 c5 9. d5 e6 10. d6 Nfd7 11. Bg5 f6 12. Bf4 Nc6 13. Bc4 Nb6 14.
Bb5 Nd4 15. O-O e5 16. Be3 Qxd6 17. b4 Nxf3+ 18. gxf3 Qxd1 19. Raxd1 cxb4 20. Bxb6 axb6 21. Nd5 Rxa2 22. Bc4 Ra5 23. Nxb6+ Kh8 24. Kg2 Rc5 25. Bd5 Bh6 26. Rb1 Rb5 27. Nc4 b3 28. Nd6 Rb6 29.
Nxc8 Rxc8 30. Rxb3 Rxb3 31. Bxb3 Rc1 32. Rxc1 Bxc1 33.
Kf1 Bf4 34. h3 Kg7 35. Ke2 Kf8 36. Kd3 Kg7 37. Kc4 Bh2 38. Kb5 Bg1 39. Kb6 Bxf2+ 40.
Kxb7 Kh6 41. Kc6 Kg5 42. Bg8 h5 43. Bf7 h4 44. Kd5 Bd4 45. Ke6 f5 46. Kd5 Ba1 47. Be8 Kf6 48. Bd7 Bb2 49. Be8 Bc1 50. Bd7 Bd2 51.
Be8 Be3 52. Bd7 Bf4 53. Be8 Bg3 54. Bd7 Ke7 55. Bc8 Kf6 56. Bd7 Kg5 57. Be8 Kf6 58.
Kd6 Bf4 59. Kd7 Be3 60. Kd6 Ba7 61. Kd5 Bb8 62. Ba4 Ba7 63. Bd7 Be3 64. Be8 g5 65. exf5 Kxf5 66. Bd7+ Kf4 67. Bg4 Bd4 68. Ke6 e4 69.
fxe4 Kxe4 70. Kf7 Be3 71. Kg6 Bf4 72. Kh5 Kd4 73. Kg6 Ke3 74. Kh5 Kd4 75. Kg6 Ke3 76.
Kh5 Kd4 1/2-1/2

[Event "Late-Titled-Tuesday-Blitz-July-09-2024"]
[Site "Chess.com"]
[Date "2024.07.09"]
[Round "2"]
[White "ZakinIlay2306"]
[Black "Goryachkina"]
[Result "0-1"]
[WhiteElo "2315"]
[BlackElo "2704"]
[TimeControl "180+1"]
[EndTime "14:18:50 PDT"]
[Termination "Goryachkina won by resignation"]

1. e4 c5 2. Nf3 e6 3. b3 b6 4. d4 cxd4 5. Nxd4 Bb7 6. Bd3 Nf6 7. Qe2 Nc6 8. Nxc6 Bxc6 9. O-O Qc7 10. Bb2 Be7 11. Nd2 O-O 12. Rad1 d6 13. Rfe1 Bb7 14. Nf3 Nd7 15. c4 Rfd8 16. Bb1 Bf8 17. Nd4 a6 18. Qg4 Ne5 19. Qg3 Nc6 20. h4 Nxd4 21. Bxd4 e5 22. Be3 b5 23. cxb5 axb5 24. h5 Bc6 25.
Bg5 Rdc8 26. h6 g6 27. Rc1 Qd7 28. Qf3 Qe6 29. Rc2 d5 30. Rxc6 Qxc6 31. exd5 Qd6 32. Bf6 Re8 33. Qe4 Bxh6 34. Bxe5 Qd7 35. d6 Bg7 36.
Qd5 Bxe5 37. Rxe5 Rxe5 38. Qxe5 Rd8 39. Bd3 b4 40. Bc4 Qxd6 41. Qe3 Qd1+ 42. Kh2 Qh5+ 43.
Kg3 h6 44. Qe7 Qg5+ 45. Qxg5 hxg5 46. Kg4 Rd2 47. Kxg5 Rxf2 48. g4 Kg7 49. a4 bxa3 50. b4 a2 51. Bxa2 Rxa2 52. b5 Rb2 53. b6 Rxb6 0-1

[Event "Late-Titled-Tuesday-Blitz-July-09-2024"]
[Site "Chess.com"]
[Date "2024.07.09"]
[Round "2"]
[White "Stanbad1"]
[Black "tptagain"]
[Result "0-1"]
[WhiteElo "2645"]
[BlackElo "3041"]
[TimeControl "180+1"]
[EndTime "14:18:51 PDT"]
[Termination "tptagain won by resignation"]

1. d4 d5 2. Nc3 Nf6 3. Bf4 e6 4. Nb5 Na6 5. e3 Be7 6. Nf3 Nh5 7. Be5 O-O 8. h3 Bd7 9. a4 c6 10. Nc3 Bb4 11. Be2 c5 12. O-O Bxc3 13. bxc3 c4 14. e4 Bc6 15. exd5 Bxd5 16. Bh2 Nf6 17. Nd2 Rc8 18. Qb1 Nb8 19. Qb2 Nc6 20. Rfd1 Na5 21. Qb4 b6 22. Bf3 Bxf3 23. Nxf3 Nd5 24. Qb2 Re8 25.
Re1 f6 26. Nd2 Qd7 27. Re2 Re7 28. Rae1 Kf7 29. Ne4 Kg8 30. Nd6 Rc6 31. Ne4 a6 32. Nd2 Rc8 33. Bg3 Rce8 34. Ne4 Nb7 35. Nd2 Qxa4 36.
Ra1 Qb5 37. Qxb5 axb5 38. Nb1 Na5 39. f3 Ra7 40. Be1 Kf7 41. Bd2 Rea8 42. Ra2 Nc6 43. Rb2 b4 44. cxb4 Nxd4 45. Re4 e5 46. c3 Nf5 47.
Rxc4 Ra2 48. Rxa2 Rxa2 49. Re4 Nd6 50. Re1 Nc4 51. Rd1 Ke6 52. Bc1 b5 53. Re1 Rc2 54.
f4 Nxc3 55. Nxc3 Rxc3 56. fxe5 fxe5 57. Bg5 Rb3 58. Ra1 Rxb4 59. Ra6+ Kf5 60. Be7 Rb1+ 61. Kh2 h5 62. h4 Ne3 63. Bg5 Ng4+ 64. Kh3 Rb3+ 65. g3 Rb2 66. Bd2 Rxd2 67. Rf6+ Nxf6 0-1

[Event "Late-Titled-Tuesday-Blitz-July-09-2024"]
[Site "Chess.com"]
[Date "2024.07.09"]
[Round "2"]
[White "AlexZambrano"]
[Black "Zq1"]
[Result "0-1"]
[WhiteElo "2342"]
[BlackElo "2576"]
[TimeControl "180+1"]
[EndTime "14:18:52 PDT"]
[Termination "Zq1 won on time"]

1. e4 c5 2. Nf3 d6 3. d4 cxd4 4. Nxd4 Nf6 5. Nc3 Nc6 6. Bg5 g6 7. f4 Bg7 8. Nf3 Qb6 9. Bxf6 Bxf6 10. Nd5 Qa5+ 11. Qd2 Qxd2+ 12. Kxd2 O-O 13. Nxf6+ exf6 14. c3 f5 15. Bd3 fxe4 16. Bxe4 Re8 17. Rhe1 Be6 18.
Kc2 Rac8 19. Rad1 Kf8 20. Rxd6 Nb4+ 21. Kb1 Nc6 22. Bxc6 bxc6 23. Rdd1 Bd5 24. Rxe8+ Rxe8 25. Re1 Rd8 26. Re3 Be6 27. Nd4 Bd5 28. g3 c5 29.
Nf3 Be6 30. Kc2 Bxa2 31. b3 c4 32. b4 Bb3+ 33. Kb2 Ba4 34. Nd4 Bd7 35. Re5 a6 36. Rc5 Re8 37. Rxc4 Re1 38. Rc7 Bg4 39. Ra7 Rh1 40.
Ra8+ Kg7 41. Rxa6 Rxh2+ 42. Ka3 Rg2 43. b5 Rxg3 44. Kb4 Rg1 45. b6 Rb1+ 46. Nb3 Bd1 47. Ra3 Bf3 48. c4 h5 49. c5 h4 50. Ka5 h3 51. Nd4 h2 52. Nxf3 h1=Q 53. b7 Rxb7 54. Ne5 Rc7 0-1

[Event "Late-Titled-Tuesday-Blitz-July-09-2024"]
[Site "Chess.com"]
[Date "2024.07.09"]
[Round "2"]
[White "Hirna2005"]
[Black "cthake"]
[Result "1-0"]
[WhiteElo "2418"]
[BlackElo "1816"]
[TimeControl "180+1"]
[EndTime "14:18:55 PDT"]
[Termination "Hirna2005 won on time"]

1. e4 c5 2. Nf3 Nc6 3. c3 g6 4.
d4 cxd4 5. cxd4 Bg7 6. Be3 d6 7. Nc3 Bd7 8. Bc4 Rc8 9. O-O Na5 10. Bd3 Nc4 11. Qe2 Nxe3 12. fxe3 e6 13. e5 d5 14.
e4 Bc6 15. exd5 Bxd5 16. Nb5 Bf8 17. Qe3 a6 18. Nc3 Ne7 19. Ng5 Nf5 20. Bxf5 gxf5 21. Nxd5 Qxd5 22. b3 h6 23. Nh3 Rg8 24. Nf4 Qd7 25.
Nh5 Be7 26. Rf2 Bg5 27. Qd3 Rd8 28. Rd1 Qc6 29. g3 b5 30. Rg2 Qb6 31. h4 Be7 32.
Kh2 Rg6 33. Nf4 Rg4 34. Qf3 Rxd4 35. Rxd4 Qxd4 36. Qa8+ Qd8 37. Qxa6 Qd7 38. Qa8+ Bd8 39. Qf3 Qd4 40. Nd3 Qc3 41. Re2 Bb6 42. Qa8+ Ke7 43. Qb7+ Bc7 44. Qxb5 Qa1 45. Qc5+ Kd8 46. Qf8+ Kd7 47.
Qxf7+ Kd8 48. Qf6+ Kc8 49. Qxe6+ Kb8 50. Qxf5 Rd4 51. Nc5 Rd1 52. Qf8+ Ka7 53. Kh3 Rh1+ 54. Kg4 1-0

[Event "Late-Titled-Tuesday-Blitz-July-09-2024"]
[Site "Chess.com"]
[Date "2024.07.09"]
[Round "2"]
[White "Sanyura"]
[Black "Chessbard1972"]
[Result "1-0"]
[WhiteElo "2692"]
[BlackElo "2269"]
[TimeControl "180+1"]
[EndTime "14:18:56 PDT"]
[Termination "Sanyura won on time"]

1. e4 c5 2. Nf3 Nc6 3. Bb5 g6 4. O-O Bg7 5. c3 e5 6. Na3 Nge7 7. Nc2 O-O 8. d4 cxd4 9. cxd4 d6 10. Bg5 h6 11. Be3 Bg4 12. d5 Nb8 13. h3 Bc8 14. Rc1 f5 15. exf5 gxf5 16. Bd2 a6 17. Be2 Nd7 18. Bb4 Nf6 19. Bc4 b5 20. Be2 Nexd5 21. Bd2 Be6 22. Ne3 Nf4 23. Re1 Nxe2+ 24. Qxe2 Rc8 25. Rcd1 Ne4 26. b3 Qf6 27. Bb4 Rcd8 28. Nd2 Ng5 29. Nef1 Nf7 30. Nf3 Rfe8 31. a4 Bxb3 32.
axb5 Bxd1 33. Rxd1 axb5 34. Ne3 Qe6 35. Nd5 Rc8 36.
Qxb5 e4 37. Ne1 Ne5 38. Qe2 Qg6 39. Nf4 Qg5 40. g3 Rcd8 41. Bxd6 Kh7 42. h4 Qf6 43. Bxe5 Qxe5 44. Neg2 Rxd1+ 45. Qxd1 Qe7 46. Qh5 Qf6 47.
Ne3 Rc8 48. Nxf5 e3 49. Nxe3 Rc1+ 50. Kh2 Ra1 51. Ned5 Qe5 52. Qg6+ 1-0

[Event "Late-Titled-Tuesday-Blitz-July-09-2024"]
[Site "Chess.com"]
[Date "2024.07.09"]
[Round "2"]
[White "pirulillo"]
[Black "rychessmaster1"]
[Result "1-0"]
[WhiteElo "2428"]
[BlackElo "2830"]
[TimeControl "180+1"]
[EndTime "14:18:56 PDT"]
[Termination "pirulillo won by resignation"]

1. e4 e5 2. Bc4 Nf6 3. d3 Nc6 4. Nc3 Bb4 5. Ne2 d5 6. exd5 Nxd5 7. Bxd5 Qxd5 8. O-O Qd8 9. f4 O-O 10. f5 f6 11. Be3 Ne7 12. Ng3 Bxc3 13. bxc3 b6 14. c4 c5 15. Qf3 Bd7 16. Qg4 Qe8 17. Ne4 Nxf5 18. Rxf5 Kh8 19. Qf3 Bxf5 20. Qxf5 g6 21. Qh3 Qc8 22. Qg3 Qc6 23. Rf1 Rae8 24. Bd2 f5 25. Ng5 Kg7 26. Bc3 Qf6 27. Nf3 f4 28.
Qf2 Re7 29. Re1 Rfe8 30. Nd2 Qf5 31. Ne4 g5 32. Nd6 Qg4 33. Nxe8+ Rxe8 34. h3 Qf5 35. Qf3 Kg6 36. Qe4 h5 37. Qc6+ Re6 38. Qd7 g4 39.
hxg4 hxg4 40. Qd5 f3 41. gxf3 gxf3 42. Kf2 Kf7 43. Qxf3 Rf6 44. Qxf5 Rxf5+ 45. Kg3 Ke6 46. Rh1 Rg5+ 47. Kf3 Rf5+ 48. Ke3 Rg5 49. Rh6+ Kf5 50. Rh7 Rg2 51. Rxa7 Rxc2 52. Bd2 Rb2 53. a4 Rb3 54. Rf7+ Ke6 55. Rh7 Ra3 56. Rh6+ Kf5 57. Rxb6 e4 58. a5 Rxd3+ 59. Ke2 Ra3 60. a6 Ke5 61. Rb5 Ra2 62. Ra5 1-0

[Event "Late-Titled-Tuesday-Blitz-July-09-2024"]
[Site "Chess.com"]
[Date "2024.07.09"]
[Round "2"]
[White "AradNazari"]
[Black "ElDivis"]
[Result "0-1"]
[WhiteElo "2778"]
[BlackElo "2540"]
[TimeControl "180+1"]
[EndTime "14:19:05 PDT"]
[Termination "ElDivis won by resignation"]

1. f4 d5 2. Nf3 c6 3. e3 g6 4. Be2 Bg7 5. O-O Nd7 6. Qe1 e5 7. Bd3 e4 8. Be2 exf3 9. Bxf3 Ngf6 10. d3 O-O 11. e4 dxe4 12. dxe4 Nb6 13. Nc3 Re8 14.
e5 Nfd5 15. Ne4 f6 16. Nd6 fxe5 17. Nxe8 Qxe8 18. fxe5 Qxe5 19. Qh4 Qd4+ 20. Qxd4 Bxd4+ 21. Kh1 Ne3 22. Bxe3 Bxe3 23. Rae1 Bc5 24. Re8+ Kg7 25. g4 Bxg4 26. Re5 Bxf3+ 27. Rxf3 Bf8 28. b3 Rd8 29. c4 Rd1+ 30. Kg2 Rd2+ 31. Rf2 Rxf2+ 32. Kxf2 Kf7 33. Kf3 Nd7 34. Re1 Bd6 35. h3 h5 36.
Rd1 Ke6 37. Re1+ Be5 38. Rg1 Kf5 39. Rd1 Nf6 40. Rd8 g5 41. Ra8 g4+ 42. hxg4+ hxg4+ 43. Kg2 Bd4 44. Rb8 b6 45. Rc8 Ne4 46. Rxc6 Nc3 47.
a4 Nd1 48. b4 Kf4 49. Rc7 Ne3+ 50. Kh2 g3+ 51. Kh3 g2 52. Rf7+ Ke4 53. Kh2 Kd3 54.
Rxa7 Kxc4 55. a5 b5 56. Rc7+ Kxb4 57. a6 Nd5 58. a7 Nxc7 59. Kxg2 Bxa7 0-1

[Event "Late-Titled-Tuesday-Blitz-July-09-2024"]
[Site "Chess.com"]
[Date "2024.07.09"]
[Round "2"]
[White "ural58"]
[Black "Flawless_Fighter"]
[Result "1/2-1/2"]
[WhiteElo "2459"]
[BlackElo "2766"]
[TimeControl "180+1"]
[EndTime "14:19:05 PDT"]
[Termination "Game drawn - insufficient material"]

1. e4 c6 2. Nc3 g6 3. d4 Bg7 4. Nf3 d6 5. h3 Nf6 6. Be2 O-O 7. Be3 d5 8. e5 Ne4 9. Nxe4 dxe4 10. Nd2 c5 11. c3 cxd4 12. cxd4 Bf5 13. g4 Be6 14. Nxe4 Nc6 15. O-O Bd5 16. Nc3 e6 17. Nxd5 Qxd5 18. Bf3 Qd7 19. Qd2 Rfd8 20. Rfd1 Rac8 21. Rac1 Ne7 22. Rxc8 Rxc8 23. Qa5 b6 24. Qa3 Bf8 25. Qb3 Nc6 26. Bxc6 Qxc6 27. d5 exd5 28. Qxd5 Qxd5 29. Rxd5 Bc5 30. Bxc5 bxc5 31. f4 c4 32. Rd2 Kg7 33. Kf2 c3 34. bxc3 Rxc3 35. h4 Rh3 36. f5 gxf5 37.
gxf5 Rxh4 38. Kg3 Ra4 39. Rd7 Kg8 40. f6 h6 41. Rd8+ Kh7 42. Rf8 Kg6 43. Kf3 Rxa2 44. Ke4 Ra4+ 45. Kd5 Ra5+ 46. Kd6 h5 47. Rg8+ Kf5 48.
Rh8 Kg6 49. Rg8+ Kf5 50. Rg1 h4 51. Rf1+ Kg5 52. e6 Ra6+ 53. Ke7 Rxe6+ 54. Kxf7 Re3 55. Kg7 h3 56. f7 Re7 57. Rg1+ Kh4 58. Kf6 Rxf7+ 59.
Kxf7 h2 60. Ra1 Kg3 61. Ke6 Kg2 62. Kd5 h1=Q 63. Rxh1 Kxh1 64. Kc4 a5 65. Kb5 a4 66. Kxa4 1/2-1/2

[Event "Late-Titled-Tuesday-Blitz-July-09-2024"]
[Site "Chess.com"]
[Date "2024.07.09"]
[Round "2"]
[White "Cipy77"]
[Black "klercaku"]
[Result "0-1"]
[WhiteElo "2608"]
[BlackElo "2394"]
[TimeControl "180+1"]
[EndTime "14:19:08 PDT"]
[Termination "klercaku won on time"]

1. Nf3 d5 2. c4 dxc4 3. Qa4+ Nd7 4. Qxc4 e6 5. g3 a6 6. Bg2 b5 7. Qc2 Bb7 8. O-O c5 9. a4 Ngf6 10. d3 Be7 11. Nc3 b4 12. Nb1 a5 13. Nbd2 O-O 14.
Nc4 Nb6 15. Bf4 Nfd5 16. Bd2 Nxc4 17. dxc4 Nf6 18. Rad1 Be4 19. Qc1 Qe8 20. b3 Ra7 21. Bf4 Qa8 22. Bd6 Rd8 23. Bxe7 Rxe7 24. Qf4 Red7 25. Rxd7 Rxd7 26. Qe5 Qc8 27. Ne1 Bb1 28. Nf3 Bc2 29. Qb2 Be4 30. Ne5 Rd4 31. Bxe4 Nxe4 32. Nd3 Nc3 33. Re1 h6 34. Qd2 Qd8 35.
Qe3 Qd6 36. Nf4 Re4 37. Qf3 Qd2 38. Kf1 Qd4 39. Nd3 Qd6 40. Nf4 Qd4 41. h4 Qd6 42.
Nh5 Rd4 43. Nf4 e5 44. Qa8+ Kh7 45. Ng2 e4 46. Ne3 Rd2 47. Qe8 Qf6 48. Qb8 Rd4 49.
Qf4 Qxf4 50. gxf4 Na2 51. Rd1 Rxd1+ 52. Nxd1 Nc1 53. Ne3 Nxb3 54. Nc2 Nd2+ 55. Ke1 Nxc4 56. e3 b3 0-1

[Event "Late-Titled-Tuesday-Blitz-July-09-2024"]
[Site "Chess.com"]
[Date "2024.07.09"]
[Round "2"]
[White "Arysya"]
[Black "Bilan_Danila"]
[Result "1-0"]
[WhiteElo "2890"]
[BlackElo "2589"]
[TimeControl "180+1"]
[EndTime "14:19:13 PDT"]
[Termination "Arysya won by checkmate"]

1. e4 c6 2. Nf3 d5 3. Nc3 Nf6 4. Qe2 dxe4 5. Nxe4 Nxe4 6. Qxe4 Nd7 7. Bc4 Nf6 8. Qe2 Bg4 9. Bxf7+ Kxf7 10. Ne5+ Ke8 11.
Nxg4 Qd5 12. O-O Nxg4 13. Qxg4 g6 14. Re1 Bg7 15. d3 Rf8 16. Re4 Qf5 17. Qe2 Bf6 18. Bd2 Kf7 19. g4 Qd5 20. Re1 Rae8 21. g5 Bxb2 22. Bb4 Qxg5+ 23. Rg4 Qf5 24. Re4 Bf6 25.
Kf1 Qh3+ 26. Kg1 Qf5 27. Bd2 e5 28. Rb1 b6 29. a4 Kg7 30. a5 Rb8 31. axb6 axb6 32.
Kg2 b5 33. Be3 Rf7 34. Bd2 Rbf8 35. Bc3 Re8 36. Re1 Rfe7 37. Bb2 Re6 38. d4 R6e7 39. dxe5 Bg5 40. Qf3 Re6 41. Rg4 Qxf3+ 42. Kxf3 Bd8 43. Re2 Bc7 44. Rge4 c5 45. Kg2 c4 46. Bd4 g5 47. c3 Kg6 48. f3 h5 49. h3 Rb8 50.
f4 b4 51. Rf2 gxf4 52. Rexf4 b3 53. Rf1 Bxe5 54. Rb1 Bxd4 55. Rxd4 Rc6 56. Kf3 Rc5 57.
Kg3 Rg5+ 58. Kh4 Rc5 59. Rg1+ Kh7 60. Rd7+ Kh8 61. Rd6 b2 62. Rh6# 1-0

[Event "Late-Titled-Tuesday-Blitz-July-09-2024"]
[Site "Chess.com"]
[Date "2024.07.09"]
[Round "2"]
[White "noblerone"]
[Black "carloseduar100"]
[Result "1-0"]
[WhiteElo "2493"]
[BlackElo "2268"]
[TimeControl "180+1"]
[EndTime "14:19:13 PDT"]
[Termination "noblerone won by checkmate"]

1. d4 d5 2. Nf3 e6 3. c4 Nf6 4.
Nc3 Bb4 5. Bg5 Bxc3+ 6. bxc3 h6 7. Bxf6 gxf6 8. e3 c6 9. Bd3 Nd7 10. O-O Rg8 11. e4 dxe4 12. Bxe4 f5 13. Bd3 Qf6 14. Qe2 Qg7 15. g3 Qg4 16. Rfe1 h5 17. Ne5 Nxe5 18.
Qxe5 h4 19. Be2 Qg6 20. Bf3 hxg3 21. hxg3 Bd7 22. Rab1 O-O-O 23. Rb2 Rh8 24. Reb1 b6 25. Rxb6 axb6 26. Rxb6 Be8 27. Rb8+ Kd7 28. Bxc6+ Ke7 29. Qc5+ Kf6 30. Rxd8 Bxc6 31. Rxh8 Be4 32. Qe5+ Ke7 33. Rc8 Qh5 34. Rc7+ Ke8 35. Rc8+ Ke7 36. Qc7+ Kf6 37.
Qd8+ Kg6 38. Qg8+ Kf6 39. Qh8+ Qxh8 40. Rxh8 Kg5 41. a4 Kg4 42. Rh4+ Kf3 43. Rf4+ Ke2 44.
a5 Kd3 45. c5 Bd5 46. a6 Kxc3 47. a7 Kc4 48. g4 fxg4 49. Rxg4 Kb5 50. Rf4 Ka6 51.
Rxf7 Be4 52. Re7 Bd5 53. Kh2 Be4 54. Kg3 Bd5 55. Kf4 Kb5 56. Ke5 Kc4 57. Rxe6 Bxe6 58.
Kxe6 Kxd4 59. a8=Q Kd3 60. Qf3+ Kc4 61. c6 Kb5 62.
Qd5+ Kb6 63. f3 Kc7 64. f4 Kb6 65. f5 Kc7 66. Qd7+ Kb6 67. c7 Kb7 68. c8=Q+ Kb6 69. Qdc6+ Ka5 70. Q8a6+ Kb4 71. Qcc4# 1-0

[Event "Late-Titled-Tuesday-Blitz-July-09-2024"]
[Site "Chess.com"]
[Date "2024.07.09"]
[Round "2"]
[White "falzehope0"]
[Black "LUISMIGUELOV"]
[Result "1/2-1/2"]
[WhiteElo "2463"]
[BlackElo "2192"]
[TimeControl "180+1"]
[EndTime "14:19:13 PDT"]
[Termination "Game drawn by repetition"]

1. d4 d5 2. e3 c6 3. Bd3 Nf6 4. f4 Bg4 5. Ne2 e6 6. Nd2 Bb4 7. c3 Be7 8. O-O Nbd7 9. Nf3 Bxf3 10. gxf3 g6 11. Kh1 Qc7 12. Bd2 c5 13. e4 dxe4 14. fxe4 cxd4 15. cxd4 O-O 16. f5 exf5 17. exf5 Nd5 18.
Ng3 Bf6 19. Bh6 Bg7 20. Qd2 Rae8 21. Rac1 Qd6 22. fxg6 fxg6 23. Ne4 Qb4 24. Bc4 Rxf1+ 25. Bxf1 Qxd2 26. Nxd2 Bxh6 27. Bc4 Bxd2 28. Bxd5+ Kg7 29. Rc7 Re7 30. Rxb7 Be3 31. Bc6 Kf6 32. Rxd7 Rxd7 33. Bxd7 Bxd4 34. b3 a5 35. Kg2 g5 36. Kf3 h5 37. h3 Bc5 38. Be8 g4+ 39. hxg4 hxg4+ 40. Kxg4 Ke5 41. Kf3 Kd4 42. Bf7 Kc3 43. Ke4 Ba3 44. Kd5 Kb2 45. Kc6 Bb4 46. a4 Kc3 47. Kb5 Kb2 48.
Bc4 Ka3 49. Ka6 Kb2 50. Kb5 Kc3 51. Kc6 Kb2 52. Kd5 Kc3 53. Ke4 Kd2 54. Bd5 Kc3 55. Ke3 Kc2 56. Be6 Kc3 57. Ke2 Kc2 58. Bf7 Kc3 59. Kd1 Kd3 60. Kc1 Kc3 61. Kb1 Ba3 62. Ka2 Bb4 63. Bg8 Kc2 64. Bf7 Kc1 65. Bg6 Kd2 66. Kb2 Kd1 67. Bh7 Kd2 68. Bg6 Kd1 69. Bf5 Kd2 70. Bc2 Ke2 71. Kc1 Ke1 72. Bd3 Kf2 73.
Kd1 Ke3 74. Kc2 Kd4 75. Bg6 Ke3 76. Bd3 Kd4 77. Bg6 Ke3 78. Bh7 Kd4 79. Bg6 1/2-1/2